 Dungeon Crawl Stone Soup version 0.26-a0-835-g8259106e14 (webtiles) character file.

Game seed: 9045172536597717082

868 marklar909 the Slinger (level 8, -4/52 HPs)
             Began as a Halfling Hunter on Nov 18, 2020.
             Was an Initiate of Okawaru.
             Slain by Grinder (8 damage)
             ... on level 5 of the Dungeon.
             The game lasted 00:06:40 (5188 turns).

marklar909 the Slinger (Halfling Hunter)            Turns: 5188, Time: 00:06:41

Health: -4/52      AC:  8    Str: 13    XL:     8   Next: 23%
Magic:  8/8        EV: 14    Int:  9    God:    Okawaru [......]
Gold:   198        SH:  0    Dex: 20    Spells: 7/7 levels left

rFire    . . .     SeeInvis +   a - +1 hunting sling
rCold    . . .     Faith    .   (shield restricted)
rNeg     . . .     Spirit   .   q - +0 ring mail
rPois    .         Reflect  .   (no helmet)
rElec    .         Harm     .   (no cloak)
rCorr    .         Rampage  .   j - +2 pair of gloves {Dex+3}
MR       .....                  (no boots)
Stlth    +.........             x - amulet of the acrobat
HPRegen  0.17/turn              (no ring)
MPRegen  0.11/turn              r - ring of see invisible

@: lethally poisoned (-4 -> -8), heavily drained
A: small, mutation resistance 1
a: Renounce Religion


You were on level 5 of the Dungeon.
You worshipped Okawaru.
Okawaru was noncommittal.
You visited 2 branches of the dungeon, and saw 6 of its levels.

You collected 198 gold pieces.

Inventory:

Hand Weapons
 a - a +1 hunting sling (weapon)
 b - a +0 short sword
Missiles
 d - 32 sling bullets
 e - 76 stones (quivered)
Armour
 j - a +2 pair of gloves of dexterity (worn)
 q - a +0 ring mail (worn)
Jewellery
 r - a ring of see invisible (right hand)
 u - an uncursed amulet of faith
 x - an amulet of the acrobat (around neck)
Wands
 c - a wand of random effects (20)
Scrolls
 i - a scroll of teleportation
 k - a scroll of magic mapping
 n - a scroll of remove curse
 o - 2 scrolls of blinking
Potions
 f - 3 potions of curing
 h - a potion of cancellation
 l - a potion of resistance
 m - a potion of magic
 s - 2 potions of might
 w - a potion of brilliance {unknown}


   Skills:
 + Level 3.3(1.4) Fighting
 + Level 10.8(8.5) Slings
 + Level 3.0(1.2) Armour
 * Level 4.6(2.7) Dodging
 + Level 1.7(0.0) Stealth


You had 7 spell levels left.
You didn't know any spells.
Your spell library was empty.

Dungeon Overview and Level Annotations

Branches:
Dungeon (5/15)             Temple (1/1) D:4

Altars:
Ashenzari
Dithmenos
Elyvilon
Gozag
Hepliaklqana
Kikubaaqudgha
Makhleb
Okawaru
Qazlal
Ru
Sif Muna
Trog
Uskayaw
Xom
Zin

Annotations:
D:5 Duvessa, Grinder


Innate Abilities, Weirdness & Mutations

You are small and have problems with some larger weapons.
You are somewhat resistant to further mutation.


Message History

Aim: Grinder (heavily wounded, strong) Grinder seems to speed up.
Grinder hits you!
* * * LOW HITPOINT WARNING * * *
You writhe in agony.
* * * LOW HITPOINT WARNING * * *
The worker ant barely misses you. Grinder gestures at you.
Pain shoots through your body!
* * * LOW HITPOINT WARNING * * *
Unknown command.
Unknown command.
Evoke which item? (* to show all) (? for menu, Esc to quit)
Aiming: Random Effects
Press: ? - help, Shift-Dir - straight line, f/p - Grinder
Aim: Grinder (heavily wounded, fast, strong) Grinder resists with some effort.
The worker ant bites you.
* * * LOW HITPOINT WARNING * * *
You are lethally poisoned!
The worker ant poisons you! Grinder hits you!
You die...

####.....# (...((. #.......##
....... #.......# .......
#.......# #.........# #.......#
#.........# #.......# #.........#
#.......# #.......†(#####.......#
#........5@......#'########
#######........B.......#....#....
.......................#....#....
.......................#....#....
.......####'####......[#....#....
.......#.......#.......#...######
.......#.......#.......#...##....
...>...#.......#.......#...#.....
.......##'##############>..#.....


You could see Grinder (fast, strong) and a worker ant.

Vanquished Creatures
  A sky beast (D:5)
  2 ogres
  Blork the orc (D:5)
  2 scorpions
  A howler monkey (D:4)
  3 orc priests
  2 hounds
  An iguana (D:5)
  An orc wizard (D:4)
  2 worker ants (D:4)
  5 adders
  A white imp (D:5)
  4 ufetubi (D:5)
  A worm (D:3)
  6 dart slugs
  2 leopard geckos
  7 orcs (D:4)
  4 ball pythons
  5 bats
  4 giant cockroaches
  5 goblins
  7 hobgoblins
  4 frilled lizards
  10 kobolds
  11 rats
92 creatures vanquished.

Vanquished Creatures (others)
  An ogre (D:5)
  Dowan (D:5)
  A hound (D:5)
  A gnoll (D:5)
  An ufetubus (D:5)
  A giant cockroach (D:5)
6 creatures vanquished.

Grand Total: 98 creatures vanquished

Notes
Turn   | Place    | Note
-------+----------+-------------------------------------------
     0 | D:1      | marklar909 the Halfling Hunter began the quest for the Orb.
     0 | D:1      | Reached XP level 1. HP: 14/14 MP: 1/1
    42 | D:1      | Reached skill level 6 in Slings
   116 | D:1      | Reached XP level 2. HP: 17/19 MP: 2/2
   606 | D:2      | Found a hide-covered altar of Uskayaw.
   613 | D:2      | Reached XP level 3. HP: 24/24 MP: 3/3
   630 | D:2      | Reached skill level 7 in Slings
   923 | D:2      | Noticed a scorpion
   937 | D:2      | Killed a scorpion
   938 | D:2      | Reached skill level 8 in Slings
   938 | D:2      | Reached XP level 4. HP: 22/29 MP: 4/4
  1129 | D:2      | Reached XP level 5. HP: 30/34 MP: 5/5
  1278 | D:2      | Found an opulent altar of Gozag.
  2597 | D:3      | Found a shimmering blue altar of Sif Muna.
  2692 | D:4      | Reached skill level 1 in Armour
  2735 | D:4      | Reached skill level 9 in Slings
  2735 | D:4      | Reached XP level 6. HP: 41/41 MP: 6/6
  2761 | D:4      | Noticed an ogre
  2771 | D:4      | Killed an ogre
  2827 | D:4      | Reached XP level 7. HP: 13/45 MP: 7/7
  3253 | D:4      | Found a burning altar of Makhleb.
  3596 | D:4      | Found a staircase to the Ecumenical Temple.
  3673 | D:4      | Found an iron altar of Okawaru.
  4051 | Temple   | Entered the Ecumenical Temple
  4335 | D:4      | Became a worshipper of Warmaster Okawaru
  4420 | D:5      | Entered Level 5 of the Dungeon
  4457 | D:5      | Reached skill level 10 in Slings
  4575 | D:5      | Reached XP level 8. HP: 52/52 MP: 8/8
  4607 | D:5      | Noticed Dowan
  4618 | D:5      | Found a shimmering altar of Xom.
  4673 | D:5      | Noticed Duvessa
  5071 | D:5      | Noticed Blork the orc
  5075 | D:5      | Killed Blork the orc
  5174 | D:5      | Noticed Grinder
  5181 | D:5      | Killed Dowan
  5188 | D:5      | Slain by Grinder

Illustrated notes

Levels and vault maps discovered:
D:1:      onia_arrival_pyramid, layout_rooms, minmay_misc_feat_enclosed,
          chequers_serial_rivers_small_3
D:2:      layout_basic, grunt_gozag_breadcrumbs, old_standard_altar
D:3:      layout_loops_corners, led_sif_pool, minmay_misc_feat_iff,
          kennysheep_big_empty_room
D:4:      layout_basic, general_overflow_altar, minmay_temple_entry_mist,
          makhleb_blood_cavern_becter
D:5:      layout_gridville, lemuel_coloured_pillars_altar, xom_confusion_cloud,
          lemuel_zombie_altar_yredelemnul, grunt_tough_drop, uniq_grinder,
          uniq_duvessa, uniq_blork_the_orc
Temple:   jpeg_temple_island

Skill      XL: |  1  2  3  4  5  6  7 |
---------------+----------------------+-----
Slings         | 6 8 9 10 | 10.8
Fighting       | 2 3 |  3.3
Armour         | 1 2 3 |  3.0
Dodging        | 4 |  4.6
Stealth        | |  1.7

Action                   |  1- 3 |  4- 6 |  7- 9 || total
-------------------------+-------+-------+-------++-------
 Fire: Hunting sling     |    81 |   173 |   122 ||   376
Evoke: Wand              |       |       |     8 ||     8
  Use: Scroll            |       |     6 |     9 ||    15
       Potion            |       |       |     1 ||     1
Armor: Leather armour    |     5 |     6 |       ||    11
       Ring mail         |       |       |     8 ||     8
Dodge: Dodged            |    16 |    37 |    32 ||    85

Table legend: (Time is in decaauts)
 A = Elapsed time spent in this place.
 B = Non-inter-level travel time spent in this place.
 C = Inter-level travel time spent in this place.
 D = Time resting spent in this place.
 E = Time spent auto-exploring this place.
 F = Levels seen in this place.
 G = Mean time per level.
                   A        B        C        D        E       F      G
               +--------+--------+--------+--------+--------+-----+--------+
         Total |   5148 |   4695 |    453 |    118 |   3903 |   6 |  858.0 |
       Dungeon |   4856 |   4453 |    403 |    118 |   3666 |   5 |  971.2 |
        Temple |    292 |    242 |     50 |      0 |    237 |   1 |  292.0 |
               +--------+--------+--------+--------+--------+-----+--------+

Top non-repeatable levels by time:
     D:4: 1683 daAuts
     D:2: 1078 daAuts
     D:3: 952 daAuts
     D:1: 576 daAuts
     D:5: 565 daAuts
  Temple: 292 daAuts
